 Dungeon Crawl Stone Soup version 0.28.0-45-g0d030f2227 (webtiles) character file.

Game seed: 6539443059475864236

344 raph the Firebug (level 6, -2/34 HPs)
             Began as a Deep Elf Fire Elementalist on May 25, 2022.
             Slain by a water moccasin zombie (6 damage)
             ... in an ossuary.
             The game lasted 00:05:01 (2715 turns).

raph the Firebug (Deep Elf Fire Elementalist)       Turns: 2715, Time: 00:05:02

Health: -2/34      AC:  3    Str: 11    XL:     6   Next: 31%
Magic:  12/14      EV: 13    Int: 22    God:
Gold:   191        SH:  0    Dex: 15    Spells: 5/13 levels left

rFire   + . .      SeeInvis .   a - +3 dagger (flame)
rCold   . . .      Faith    .   (no shield)
rNeg    . . .      Spirit   .   k - +0 robe
rPois   .          Reflect  .   e - +0 helmet
rElec   .          Harm     .   (no cloak)
rCorr   .          Rampage  .   (no gloves)
Will    .....                   (no boots)
Stlth   ++........              p - amulet of magic regeneration
HPRegen 0.11/turn               g - ring of protection from fire
MPRegen 0.54/turn               c - +6 ring of strength

@: no status effects
A: no striking features
a: no special abilities


You were in an ossuary.
You visited 1 branch of the dungeon, and saw 4 of its levels.
You also visited: Ossuary.

You collected 191 gold pieces.

Inventory:

Hand Weapons
 a - a +3 dagger of flaming (weapon)
 d - a +0 dagger
Armour
 e - a +0 helmet (worn)
 k - a +0 robe (worn)
Magical Staves
 b - a staff of fire
Jewellery
 c - a +6 ring of strength (right hand)
 g - a ring of protection from fire (left hand)
 p - an amulet of magic regeneration (around neck)
Wands
 l - a wand of polymorph (5)
 q - a wand of mindburst (13)
Scrolls
 f - a scroll of identify
 n - a scroll of blinking
 o - a scroll of fear
Potions
 h - 2 potions of berserk rage
 i - 3 potions of curing
 j - a potion of brilliance
 m - 2 potions of resistance


   Skills:
 - Level 1.3 Fighting
 - Level 3.5 Dodging
 - Level 3.6 Stealth
 - Level 4.1 Spellcasting
 + Level 2.7 Conjurations
 * Level 5.3 Fire Magic
 - Level 1.5 Poison Magic


You had 5 spell levels left.
You knew the following spells:

 Your Spells              Type           Power      Damage    Failure   Level
a - Foxfire               Conj/Fire      88%        2x1d8     2%          1
b - Scorch                Fire           54%        2d7       1%          2
c - Sting                 Tmut/Pois      28%        1d4       9%          1
d - Flame Wave            Conj/Fire      22%        2d7       22%         4

Your spell library contained the following spells:

 Spells                   Type           Power      Damage    Failure   Level
 Conjure Flame            Conj/Fire      22%        6-21      6%          3
 Inner Flame              Hex/Fire       16%        N/A       11%         3
 Poisonous Vapours        Pois/Air       14%        N/A       12%         2
 Ensorcelled Hibernation  Hex/Ice        8%         N/A       17%         2
 Passwall                 Tmut/Erth      3%         N/A       17%         2
 Swiftness                Air            4%         N/A       32%         3
 Olgreb's Toxic Radiance  Pois           11%        N/A       52%         4


Dungeon Overview and Level Annotations

Branches:
Dungeon (4/15)            Ossuary (1/1)
 Temple: D:4-7

Altars:

Annotations:
D:1 fly
D:3 2 runed translucent doors, DuloT34's ghost, amateur DjFE


Message History

The water moccasin zombie is almost destroyed.
The foxfire hits the water moccasin zombie.
The water moccasin zombie is almost destroyed.
The foxfire hits the water moccasin zombie.
You destroy the water moccasin zombie!
Casting: Foxfire (safe; 2% risk of failure)
Confirm with . or Enter, or press ? or * to list all spells.
You feel a surge of power!
You conjure some foxfire!
The water moccasin zombie bites you. x2
* * * LOW HITPOINT WARNING * * *
The foxfire hits the kobold zombie.
The kobold zombie is heavily damaged.
The foxfire hits the kobold zombie.
The kobold zombie is severely damaged.
The water moccasin zombie bites you but does no damage.
There is an open door here.
Casting: Foxfire (safe; 2% risk of failure)
Confirm with . or Enter, or press ? or * to list all spells.
You feel a surge of power!
You conjure some foxfire!
The water moccasin zombie barely misses you.
The water moccasin zombie bites you.
* * * LOW HITPOINT WARNING * * *
The foxfire hits the water moccasin zombie.
The water moccasin zombie is lightly damaged.
The foxfire hits the water moccasin zombie.
The water moccasin zombie is lightly damaged.
Casting: Foxfire (safe; 2% risk of failure)
Confirm with . or Enter, or press ? or * to list all spells.
You feel a surge of power!
You conjure some foxfire!
The water moccasin zombie bites you.
* * * LOW HITPOINT WARNING * * *
Okay, then.
Your +3 dagger of flaming bursts into flame!
a - a +3 dagger of flaming (weapon)
The foxfire hits the kobold zombie.
You destroy the kobold zombie!
The foxfire hits the water moccasin zombie.
The water moccasin zombie is lightly damaged.
The water moccasin zombie bites you.
You die...

#### #########
#!!??#...#..∩#
+??$?#§∩.'...#
#!!!!#.@Z#...#
#### #####...#
#...# #'###
#...# #...#
#...# #...#
#'###


You could see a water moccasin zombie.

Vanquished Creatures
  Grinder (D:3)
  A water moccasin zombie (Ossuary)
  A hound (D:4)
  An adder zombie (Ossuary)
  A worm (D:2)
  A dart slug (D:1)
  2 orcs (D:3)
  4 endoplasms
  4 giant cockroaches
  4 hobgoblins
  6 jackals (D:1)
  3 ball pythons
  6 bats
  A frilled lizard (D:1)
  A gnoll zombie (Ossuary)
  4 goblins
  A hobgoblin zombie (Ossuary)
  3 kobolds
  A kobold zombie (Ossuary)
  An orc zombie (Ossuary)
  6 rats
53 creatures vanquished.

Vanquished Creatures (others)
  182 foxfires
182 creatures vanquished.

Grand Total: 235 creatures vanquished

Notes
Turn   | Place    | Note
-------+----------+-------------------------------------------
     0 | D:1      | raph the Deep Elf Fire Elementalist began the quest for the
                  | Orb.
     0 | D:1      | Reached XP level 1. HP: 10/10 MP: 6/6
   349 | D:1      | Found a faded altar of an unknown god.
   370 | D:1      | Reached XP level 2. HP: 15/15 MP: 8/8
   818 | D:1      | Learned a level 2 spell: Scorch
  1104 | D:2      | Reached XP level 3. HP: 20/20 MP: 7/9
  1406 | D:2      | Learned a level 1 spell: Sting
  1959 | D:3      | Found a runed translucent door.
  2011 | D:3      | Noticed a bullfrog
  2011 | D:3      | Noticed DuloT34's ghost (amateur DjFE)
  2141 | D:3      | Found a runed translucent door.
  2149 | D:3      | Noticed Grinder
  2157 | D:3      | Killed Grinder
  2158 | D:3      | Reached skill level 1 in Fighting
  2158 | D:3      | Reached skill level 4 in Fire Magic
  2158 | D:3      | Reached skill level 1 in Poison Magic
  2158 | D:3      | Reached XP level 4. HP: 25/25 MP: 6/12
  2158 | D:3      | Reached XP level 5. HP: 29/29 MP: 6/13
  2172 | D:3      | Learned a level 4 spell: Flame Wave
  2573 | D:4      | Reached XP level 6. HP: 28/34 MP: 11/14
  2657 | D:4      | Found a sand-covered staircase.
  2662 | Ossuary  | Entered an ossuary
  2672 | Ossuary  | Reached skill level 5 in Fire Magic
  2715 | Ossuary  | Slain by a water moccasin zombie

Illustrated notes

Levels and vault maps discovered:
D:1:      lemuel_arrival_lava_pool, layout_basic,
          ebering_ecumenical_altar_petrified
D:2:      layout_loops_ring
D:3:      layout_basic, ebering_ghost_sewer_f, uniq_grinder
D:4:      layout_loops_corners, mainiacjoe_overflow_alcove_2,
          cheibriados_altar_1, enter_ossuary_2, uniq_eustachio, uniq_sigmund
Ossuary:  ossuary_tomb_2

Skill      XL: |  1  2  3  4  5  6 |
---------------+-------------------+-----
Dodging        | 3 |  3.5
Fighting       | 1 |  1.3
Stealth        | 3 |  3.6
Spellcasting   | 4 |  4.1
Conjurations   | 2 |  2.7
Fire Magic     | 4 5 |  5.3
Poison Magic   | 1 |  1.5

Action                   |  1- 3 |  4- 6 || total
-------------------------+-------+-------++-------
Melee: Dagger            |    10 |       ||    10
 Cast: Foxfire           |    88 |    29 ||   117
       Scorch            |     2 |       ||     2
       Sting             |     1 |     2 ||     3
  Use: Scroll            |    11 |       ||    11
 Stab: Sleeping          |     2 |       ||     2
Armor: Robe              |     5 |     2 ||     7
Dodge: Dodged            |     8 |    18 ||    26
